 Dungeon Crawl Stone Soup version 0.26-a0-497-g0187308201 (webtiles) character file.

Game seed: 12574457048106005546

37 BeastOfSaturn the Grasshopper (level 3, 0/28 HPs)
             Began as a Demonspawn Warper on Aug 6, 2020.
             Succumbed to a goblin's poison
             ... on level 1 of the Dungeon.
             The game lasted 00:02:03 (834 turns).

BeastOfSaturn the Grasshopper (Demonspawn Warper)    Turns: 834, Time: 00:02:04

Health: 0/28       AC:  3    Str: 12    XL:     3   Next: 21%
Magic:  6/6        EV: 12    Int: 14    God:
Gold:   9          SH:  0    Dex: 12    Spells: 6/6 levels left

rFire    . . .     SeeInvis .   a - +0 falchion
rCold    . . .     Faith    .   (no shield)
rNeg     . . .     Spirit   .   b - +0 leather armour
rPois    .         Reflect  .   (no helmet)
rElec    .         Harm     .   (no cloak)
rCorr    .                      (no gloves)
MR       .....                  (no boots)
Stlth    +.........             (no amulet)
HPRegen  0.09/turn              (no ring)
MPRegen  0.10/turn              (no ring)

@: lethally poisoned (0 -> -8)
A: powered by pain 1
a: no special abilities


You were on level 1 of the Dungeon.
You visited 1 branch of the dungeon, and saw 1 of its levels.

You collected 9 gold pieces.

Inventory:

Hand Weapons
 a - a +0 falchion (weapon)
Missiles
 e - 5 boomerangs of dispersal (quivered)
Armour
 b - a +0 leather armour (worn)
Scrolls
 c - a scroll of immolation {unknown}
 d - a scroll of blinking
 g - a scroll of enchant weapon {unknown}
 h - a scroll of fear {unknown}
Potions
 f - a potion of berserk rage {unknown}


   Skills:
 * Level 2.4 Fighting
 * Level 2.6 Long Blades
 - Level 0.8 Throwing
 - Level 0.8 Armour
 * Level 2.2 Dodging
 - Level 2.0 Spellcasting
   Level 2.6 Translocations


You had 6 spell levels left.
You didn't know any spells.
Your spell library contained the following spells:

 Spells                   Type           Power        Failure   Level
 Blink                    Tloc           N/A          16%         2
 Gell's Gravitas          Tloc           #.........   30%         3
 Lesser Beckoning         Tloc           #.........   30%         3
 Teleport Other           Tloc           #.......     30%         3
 Passage of Golubria      Tloc           N/A          69%         4


Dungeon Overview and Level Annotations

Branches:
Dungeon (1/15)

Altars:


Innate Abilities, Weirdness & Mutations

You sometimes gain a little power by taking damage.


Message History

You hit the goblin.
You kill the goblin!
* * * LOW HITPOINT WARNING * * *
You feel sick.
You hit the dart slug.
The dart slug is lightly wounded.
* * * LOW HITPOINT WARNING * * *
You feel sick.
The dart slug bites you but does no damage.
You hit the dart slug.
The dart slug is moderately wounded.
* * * LOW HITPOINT WARNING * * *
You feel sick.
You hit the dart slug.
The dart slug is heavily wounded.
* * * LOW HITPOINT WARNING * * *
You feel sick. The dart slug barely misses you.
You hit the dart slug.
You kill the dart slug!
You die...

.#....####..........#.#
###...................#
####...###...........#
....................#
####.###÷..######.###
##.......## #.#
#..##.#.## ##.#
#.###.#.# ##..# #.#
#.#.# #.@## ##.# #.#.##
#)## ##.# #.#..# #..
...# #.##.# #.# #..#
#..#.# #.
##.####...####.
#..........###
####.......# ###
#....†..#


There were no monsters in sight!

Vanquished Creatures
  An ooze (D:1)
  2 dart slugs (D:1)
  A leopard gecko (D:1)
  4 goblins (D:1)
  2 hobgoblins (D:1)
  4 jackals (D:1)
  A kobold (D:1)
  2 bats (D:1)
  5 frilled lizards (D:1)
  5 rats (D:1)
27 creatures vanquished.

Notes
Turn   | Place    | Note
-------+----------+-------------------------------------------
     0 | D:1      | BeastOfSaturn the Demonspawn Warper began the quest for the
                  | Orb.
     0 | D:1      | Reached XP level 1. HP: 16/16 MP: 3/3
   175 | D:1      | Gained mutation: You sometimes gain a little power by
                  | taking damage. [demonic ancestry]
   175 | D:1      | Reached XP level 2. HP: 12/22 MP: 5/5
   649 | D:1      | Reached XP level 3. HP: 20/28 MP: 6/6
   833 | D:1      | HP: 1/28 [poisoned by a goblin]
   834 | D:1      | Succumbed to a goblin's poison

Illustrated notes

Levels and vault maps discovered:
D:1:      evilmike_arrival_rings, layout_rooms

Skill      XL: |  1 |
---------------+----+-----
Long Blades    | 2 |  2.6
Dodging        | 2 |  2.2
Fighting       | |  2.4
Throwing       | |  0.8
Armour         | |  0.8
Spellcasting   | |  2.0
Translocations | |  2.6

Action                   || total
-------------------------++-------
Melee: Falchion          ||    77
Armor: Leather armour    ||    24
Dodge: Dodged            ||    55
       Rpst.: Falchion   ||    16

Table legend: (Time is in decaauts)
 A = Elapsed time spent in this place.
 B = Non-inter-level travel time spent in this place.
 C = Inter-level travel time spent in this place.
 D = Time resting spent in this place.
 E = Time spent auto-exploring this place.
 F = Levels seen in this place.
 G = Mean time per level.
                   A        B        C        D        E       F      G
               +--------+--------+--------+--------+--------+-----+--------+
         Total |    848 |    848 |      0 |      0 |    685 |   1 |  848.0 |
       Dungeon |    848 |    848 |      0 |      0 |    685 |   1 |  848.0 |
               +--------+--------+--------+--------+--------+-----+--------+

Top non-repeatable levels by time:
     D:1: 848 daAuts
